[Event "Late-Titled-Tuesday-Blitz-March-12-2024"]
[Site "Chess.com"]
[Date "2024.03.12"]
[Round "3"]
[White "bascheyaro"]
[Black "Msb2"]
[Result "1/2-1/2"]
[WhiteElo "2791"]
[BlackElo "3018"]
[TimeControl "180+1"]
[EndTime "14:28:23 PDT"]
[Termination "Game drawn by 50-move rule"]

1. d4 d5 2. c4 e6 3. Nc3 Bb4 4. Bf4 dxc4 5. e3 b5 6. Qf3 Qd5 7. Qg3 Ne7 8. Qxg7 Rg8 9. Qe5 Qxe5 10. Bxe5 c5 11. dxc5 Nbc6 12. Bd6 Nf5 13. O-O-O Bxc3 14. bxc3 Nxd6 15. cxd6 Bb7 16. Nf3 Rd8 17. Rg1 f6 18. g3 Ne5 19. Nd4 Nf3 20. Nxf3 Bxf3 21. Rd2 Rg5 22. Bg2 Bxg2 23. Rxg2 Rd5 24. Rxd5 exd5 25.
f4 Rxd6 26. Rd2 f5 27. h3 h5 28. g4 fxg4 29. hxg4 hxg4 30. e4 Rf6 31. f5 dxe4 32. Rd4 Rxf5 33. Rxe4+ Kd7 34. Rxg4 Kc6 35. a4 a6 36. Kb2 Rf2+ 37. Ka3 Rc2 38. Rg6+ Kb7 39.
axb5 axb5 40. Kb4 Rb2+ 41. Kc5 Rb3 42. Rb6+ Kc7 43. Rxb5 Rxc3 44. Rb4 Rh3 45. Rxc4 Rh5+ 46. Kb4+ Kb6 47. Rd4 Rg5 48. Kc3 Kc5 49. Rc4+ Kd5 50. Rd4+ Ke5 51. Rc4 Rg3+ 52. Kb4 Rf3 53. Rc5+ Kd6 54.
Rc4 Rf1 55. Rc3 Rb1+ 56. Kc4 Rh1 57. Rd3+ Kc6 58. Rc3 Rh4+ 59. Kd3+ Kd5 60. Kc2 Kd4 61. Rd3+ Ke4 62. Rc3 Rh8 63. Rc4+ Ke3 64. Rc3+ Kd4 65.
Rd3+ Ke4 66. Rc3 Ra8 67. Rc4+ Kd5 68. Rc3 Ra2+ 69. Kb3 Rh2 70. Rd3+ Kc5 71. Rc3+ Kb5 72. Rd3 Rh5 73. Rc3 Rd5 74. Re3 Rd4 75. Kc3 Rc4+ 76. Kd3 Rc8 77. Re5+ Kb4 78. Re7 Rd8+ 79. Ke4 Kc5 80. Rc7+ Kd6 81. Rc2 Re8+ 82. Kd3 Kd5 83. Rd2 Ra8 84. Kc3+ Kc5 85. Rc2 Rh8 86. Kd3+ Kd5 87.
Rd2 Rh3+ 88. Ke2+ Ke4 89. Kd1 Rc3 90. Rh2 Rc8 91. Rh4+ Kf3 92. Rh3+ Kg4 93. Ra3 Rd8+ 94. Ke1 Re8+ 95. Kd1 1/2-1/2

[Event "Late-Titled-Tuesday-Blitz-March-12-2024"]
[Site "Chess.com"]
[Date "2024.03.12"]
[Round "3"]
[White "Lennis93"]
[Black "dropstoneDP"]
[Result "1/2-1/2"]
[WhiteElo "2695"]
[BlackElo "2988"]
[TimeControl "180+1"]
[EndTime "14:28:23 PDT"]
[Termination "Game drawn - insufficient material"]

1. d4 d5 2. Nf3 Nf6 3. c4 dxc4 4.
e3 e6 5. Bxc4 c5 6. O-O Nc6 7.
Qe2 a6 8. Rd1 b5 9. dxc5 Qc7 10.
Bd3 Bxc5 11. a4 bxa4 12. Nc3 O-O 13. Rxa4 Bb7 14. Bxa6 Bxa6 15. Rxa6 Rxa6 16. Qxa6 Ne5 17. Nxe5 Qxe5 18. h3 h6 19. Qc6 Rb8 20. Na4 Bf8 21. Nc3 Qh5 22. Rd4 Qa5 23. Ra4 Qe5 24. Ra8 Rxa8 25. Qxa8 Qd6 26. e4 Kh7 27. g3 Be7 28. Qb7 Kg8 29. Bf4 Qb4 30. Qxb4 Bxb4 31. f3 Nd7 32. Kf2 Nb6 33. Ke2 Nc4 34. Bc1 f5 35. exf5 exf5 36. g4 fxg4 37. fxg4 Kf7 38. Nd5 Bd6 39. b3 Na5 40. b4 Nc4 41. Bf4 Ke6 42.
Bxd6 Kxd6 43. Ne3 Nb6 44. Nf5+ Ke5 45. Nxg7 Nd5 46. b5 Nf4+ 47. Kf3 Nxh3 48. b6 Kd6 49. Nf5+ Kc6 50. Nxh6 Kxb6 51. Nf7 Kc6 52. Kg3 Ng1 53. g5 Kd5 54. g6 Ke6 55. Kg4 Kf6 56. Kh5 Nf3 57.
Kh6 Nh4 58. g7 Nf5+ 59. Kh7 Nxg7 1/2-1/2

[Event "Late-Titled-Tuesday-Blitz-March-12-2024"]
[Site "Chess.com"]
[Date "2024.03.12"]
[Round "3"]
[White "CarlosjPineror"]
[Black "KorolDimitriy75"]
[Result "0-1"]
[WhiteElo "2578"]
[BlackElo "2437"]
[TimeControl "180+1"]
[EndTime "14:28:27 PDT"]
[Termination "KorolDimitriy75 won by resignation"]

1. e4 c5 2. Nf3 d6 3. d4 cxd4 4.
Nxd4 Nf6 5. Nc3 g6 6. Be3 Bg7 7. f3 O-O 8. Bc4 Nc6 9. Qd2 Bd7 10. Bb3 Qa5 11. O-O-O Rfc8 12. Kb1 Ne5 13. Nd5 Qxd2 14.
Nxf6+ Bxf6 15. Rxd2 Nc4 16. Bxc4 Rxc4 17. Ne2 b6 18. b3 Rc7 19. Bd4 Bxd4 20. Nxd4 b5 21. Ne2 Kg7 22. Kb2 Rac8 23. c3 g5 24. h3 h6 25. Rc1 Kf6 26. Rd4 Rc5 27. Rcd1 Be6 28.
R4d2 Ke5 29. Rd4 a6 30. Rh1 Rxc3 31. Rd2 b4 32. h4 a5 33. hxg5 hxg5 34. Rhd1 R3c5 35.
Nc1 Kf6 36. Nd3 Rc3 37. Nc1 Ke5 38. Ne2 R3c5 39. Nc1 Kf6 40. Nd3 Rc3 41. Nc1 Ke5 42. Re2 Kf4 43. Red2 Kg3 44. Ne2+ Kh2 45. Nd4 Re3 46.
Ne2 Kxg2 47. Ng1+ Kg3 48. Rf1 Rcc3 49. Ne2+ Kh3 50. Ng1+ Kg3 51. Rff2 Rcd3 52. Rg2+ Kf4 53. Rdf2 Rxf3 54. Nxf3 Rxf3 55. Rxf3+ Kxf3 56. Rxg5 Kxe4 57. Rxa5 f5 58. Rb5 f4 59. Rxb4+ Ke3 60. Rb7 Bd5 61.
Rxe7+ Be4 62. Rf7 f3 63. a4 f2 64. Rxf2 Kxf2 65. b4 d5 66. b5 d4 67. a5 d3 68.
a6 d2 0-1

[Event "Late-Titled-Tuesday-Blitz-March-12-2024"]
[Site "Chess.com"]
[Date "2024.03.12"]
[Round "3"]
[White "lucasran"]
[Black "scrambleyourbrain"]
[Result "1/2-1/2"]
[WhiteElo "2604"]
[BlackElo "2400"]
[TimeControl "180+1"]
[EndTime "14:28:28 PDT"]
[Termination "Game drawn - insufficient material"]

1. c4 e5 2. g3 Nf6 3. Bg2 d5 4. cxd5 Nxd5 5. Nf3 Nc6 6. O-O Be7 7. d4 e4 8. Ne5 f5 9. Nxc6 bxc6 10. Qc2 O-O 11. Qxc6 Rb8 12. a3 Rb6 13. Qc2 Be6 14. Nd2 Bf6 15. e3 Qd7 16. b4 Rc6 17. Qd1 Rb8 18. Bb2 a5 19. Nb3 axb4 20. Na5 Ra6 21. axb4 Rxb4 22. Bc1 Qb5 23. Bd2 Rxa5 24. Rxa5 Qxa5 25.
Qc1 Qb6 26. Bxb4 Nxb4 27. Qa3 Nd5 28. Qa8+ Kf7 29. Rc1 Ne7 30. Bf1 Bd5 31. Bc4 c6 32. Qa2 g6 33. h4 Kg7 34. Kg2 Qd8 35. Rc2 Qd6 36. Qb3 Qe6 37. Qa4 h6 38. Qa6 Qf7 39. Bxd5 cxd5 40. Rc7 g5 41. hxg5 hxg5 42. Qb7 f4 43. gxf4 gxf4 44. exf4 Qg6+ 45. Kf1 Qf7 46. f5 Bg5 47. Rd7 Qxf5 48. Rxe7+ Bxe7 49. Qxe7+ Kg6 50. Qd6+ Kg5 51. Qg3+ Kf6 52. Ke2 Qh5+ 53. Ke3 Qg5+ 54. Qxg5+ Kxg5 55. f3 exf3 56. Kxf3 Kf5 57. Ke3 Kg4 58. Kd3 Kf3 59. Kd2 Ke4 60. Kc3 Ke3 61.
Kc2 Kxd4 62. Kd2 Kc4 63. Kc2 d4 64. Kd2 d3 65. Kd1 Kd4 66. Kd2 Kc4 67. Kd1 Kb4 68.
Kd2 Kb5 69. Kxd3 1/2-1/2

[Event "Late-Titled-Tuesday-Blitz-March-12-2024"]
[Site "Chess.com"]
[Date "2024.03.12"]
[Round "3"]
[White "remi04"]
[Black "Slovak_fighter2000"]
[Result "1-0"]
[WhiteElo "2908"]
[BlackElo "2607"]
[TimeControl "180+1"]
[EndTime "14:28:34 PDT"]
[Termination "remi04 won on time"]

1. c4 e5 2. Nc3 Nf6 3. Nf3 Nc6 4. g3 Bb4 5. Nd5 Bc5 6. Bg2 d6 7. O-O h6 8. e3 Bg4 9. h3 Bh5 10. g4 Bg6 11. d4 Bb6 12. b4 exd4 13. Nxb6 axb6 14.
Nxd4 Nxd4 15. Qxd4 Rb8 16. Bb2 O-O 17. Rad1 Qe7 18.
f4 Rfe8 19. f5 Bh7 20. Rfe1 Qe5 21. Qd2 Qe7 22. Qc3 Qe5 23. Qxe5 dxe5 24. Rd2 g6 25. e4 g5 26. Red1 Kg7 27. Kf2 Re7 28. Ke3 Rbe8 29.
Bf3 Ng8 30. Rd7 f6 31. b5 c5 32.
R7d6 Ra8 33. a3 Ra4 34. Be2 Rc7 35. Rxb6 Ne7 36. Rbd6 Bg8 37. Rd7 Rxd7 38. Rxd7 Kf8 39. Rxb7 Bxc4 40. Bd1 Ra5 41. a4 Ke8 42. Bc3 Ra8 43. Rb6 Kf7 44. Rd6 Nc8 45. Rd7+ Ke8 46. Rh7 Nb6 47. a5 Na4 48. Rh8+ Kd7 49. Rxa8 Nxc3 50.
Bc2 Nxb5 51. Rh8 Nd4 52. Ba4+ Kc7 53. Rxh6 Kb7 54. Rxf6 Ba2 55. Rb6+ Kc7 56. Rg6 c4 57. Kd2 Bb3 58. Bxb3 Nxb3+ 59. Kc3 Nxa5 60. Rxg5 Kd6 61. h4 Kc5 62. h5 Nb7 63. f6 Nd6 64. Rxe5+ Kc6 65.
Re6 1-0

[Event "Late-Titled-Tuesday-Blitz-March-12-2024"]
[Site "Chess.com"]
[Date "2024.03.12"]
[Round "3"]
[White "VD_coach"]
[Black "AlexTruskavetsky"]
[Result "0-1"]
[WhiteElo "2490"]
[BlackElo "2686"]
[TimeControl "180+1"]
[EndTime "14:28:34 PDT"]
[Termination "AlexTruskavetsky won on time"]

1. Nf3 Nf6 2. d4 e6 3. c4 d5 4. cxd5 exd5 5. Nc3 h6 6. Bf4 Bd6 7. e3 Bxf4 8. exf4 O-O 9. Bd3 Re8+ 10. Ne5 Nc6 11. Bb5 Bd7 12. Bxc6 Bxc6 13. O-O Nd7 14. Re1 Nb6 15. b3 f6 16. Nxc6 bxc6 17. h3 Qd7 18. Qh5 Qf7 19. Qg4 Nc8 20. Rxe8+ Qxe8 21. Kf1 h5 22.
Qf3 Nd6 23. Re1 Qf7 24. Qd3 a5 25. Na4 g5 26. fxg5 fxg5 27. Re5 Ne4 28. f3 Qf4 29. Kg1 Qc1+ 30. Kh2 Qf4+ 31. Kg1 g4 32. fxe4 g3 33. Qf3 Qc1+ 34. Qf1 Qe3+ 35. Kh1 Rf8 36. Rf5 Rxf5 37. exf5 Qxd4 38. f6 Qf2 39. Qg1 Kf7 40. Nc5 Kxf6 41. Nd3 Qe2 42. Qd4+ Ke7 43. Qh4+ Kd7 44. Qxg3 c5 45.
Nxc5+ Kc6 46. Nd3 Qxa2 47. Qg6+ Kb5 48. Qe8+ Kb6 49. Qb8+ Kc6 50. Qa8+ Kd6 51. Qa6+ c6 52. Kh2 Qxb3 53. Nf4 h4 54. Qc8 Qg3+ 55. Kh1 a4 56. Qb8+ Kc5 57. Ne6+ Kc4 58. Qb1 a3 59. Qc1+ Qc3 60.
Qf1+ Kb4 61. Qb1+ Qb2 62. Qe1+ Ka4 63. Nc5+ Kb5 64. Nd3 Qb3 65. Qf1 Qc4 66. Qb1+ Ka5 0-1

[Event "Late-Titled-Tuesday-Blitz-March-12-2024"]
[Site "Chess.com"]
[Date "2024.03.12"]
[Round "3"]
[White "Hikaru"]
[Black "ContrVersia"]
[Result "1-0"]
[WhiteElo "3257"]
[BlackElo "2870"]
[TimeControl "180+1"]
[EndTime "14:28:37 PDT"]
[Termination "Hikaru won by resignation"]

1. Nf3 d5 2. e3 Nf6 3. c4 c6 4. Qc2 Bg4 5. d4 e6 6. Nbd2 Nbd7 7. Bd3 Bd6 8. h3 Bh5 9. b3 Bg6 10. Bxg6 hxg6 11. Bb2 a5 12. a3 b5 13. O-O a4 14.
cxb5 cxb5 15. bxa4 bxa4 16. Rfb1 O-O 17. Bc3 Qc7 18. Qd3 Rfb8 19. Rc1 Qd8 20. Ne5 Qf8 21.
Nc6 Rb6 22. Bb4 Bxb4 23. Nxb4 e5 24. dxe5 Nxe5 25. Qd4 Qd6 26. Rc3 Rd8 27. Rac1 Rbb8 28. f4 Nc4 29. Nxc4 dxc4 30. Qxd6 Rxd6 31. Rxc4 Kh7 32.
Rc7 Re8 33. Rxf7 Rxe3 34. Rcc7 Nh5 35. Rf8 Rd1+ 36. Kf2 Rde1 37. Nc2 R3e2+ 38. Kf3 Re8 39. Rxe8 Rxe8 40. Rc4 Nf6 41. Rxa4 Rc8 42. Ne3 Rc3 43.
Ke2 Nh5 44. g4 Ng3+ 45. Kf2 Rb3 46. Kxg3 Rxe3+ 47. Kg2 Rb3 48. Ra5 Kg8 49. Ra8+ Kh7 50. Ra5 Rc3 51. h4 Rb3 52. h5 gxh5 53. Rxh5+ Kg8 54.
Ra5 Kf7 55. Ra6 Rc3 56. f5 Rb3 57. a4 Ra3 58. Kf2 Rb3 59. a5 Ra3 60. g5 Rb3 61. Ra7+ Kf8 62. Ra8+ Kf7 63. g6+ Kf6 64. Rf8+ Kg5 65.
Rf7 Kh6 66. a6 Ra3 67. a7 Ra1 68. Ke3 Ra4 69. Kd3 Kg5 70. Kc3 Ra1 71. Kb4 Ra2 72. Kc5 Rb2 73. a8=Q 1-0

[Event "Late-Titled-Tuesday-Blitz-March-12-2024"]
[Site "Chess.com"]
[Date "2024.03.12"]
[Round "3"]
[White "andrew-blr"]
[Black "sergiochess83"]
[Result "0-1"]
[WhiteElo "2639"]
[BlackElo "2893"]
[TimeControl "180+1"]
[EndTime "14:28:38 PDT"]
[Termination "sergiochess83 won by checkmate"]

1. d4 d5 2. c4 c6 3. Nf3 Nf6 4. e3 Bg4 5. h3 Bh5 6. Nc3 e6 7. g4 Bg6 8. Ne5 Nbd7 9. Nxg6 hxg6 10. Qb3 Qb6 11. g5 Ng8 12. Bd2 Ne7 13. O-O-O Nf5 14. Bd3 Be7 15. h4 Qxb3 16. axb3 Rxh4 17. f4 O-O-O 18. Rxh4 Nxh4 19. Rh1 Nf3 20. Rh7 Rg8 21. Nb1 Nxd2 22. Nxd2 Nf8 23. Rh1 f6 24. Nf3 Kd7 25. Kc2 a6 26. c5 Ke8 27. Kc3 Kf7 28. Kb4 Nd7 29. Rh7 fxg5 30. fxg5 b6 31. Kc3 bxc5 32.
Bxa6 cxd4+ 33. exd4 Rb8 34. Rh4 Bb4+ 35. Kc2 Bd6 36.
Rh1 c5 37. Rf1 Ke7 38. Bd3 cxd4 39. Nxd4 Ne5 40. Be2 Bc5 41. Nf3 Nxf3 42. Rxf3 e5 43. b4 Rxb4 44. Rc3 Kd6 45. Rf3 Rb7 46. Rf8 e4 47.
Re8 Bd4 48. b3 Be5 49. Bg4 Rc7+ 50. Kd2 Bf4+ 51. Kd1 Bxg5 52. Re6+ Kc5 53. Rxg6 Bf6 54. Be6 Kd4 55. Rg3 Ke5 56. Bg8 d4 57. Bh7 Kf4 58.
Rg1 Re7 59. Rf1+ Ke5 60. b4 d3 61. Kd2 Kd4 62. Rg1 e3+ 63. Kd1 Kc3 64. b5 Ra7 65.
Bxd3 Kxd3 66. Kc1 Ra1# 0-1

[Event "Late-Titled-Tuesday-Blitz-March-12-2024"]
[Site "Chess.com"]
[Date "2024.03.12"]
[Round "3"]
[White "Andrei_Skvortsov"]
[Black "pooh2012"]
[Result "1/2-1/2"]
[WhiteElo "2740"]
[BlackElo "2540"]
[TimeControl "180+1"]
[EndTime "14:28:40 PDT"]
[Termination "Game drawn by agreement"]

1. e4 c6 2. Nf3 d5 3. exd5 cxd5 4. Ne5 a6 5. d4 Nf6 6. Bd3 g6 7. O-O Bg7 8. Nd2 O-O 9. Ndf3 Ng4 10. Qe2 Nxe5 11.
Nxe5 Nd7 12. Nxd7 Bxd7 13. c3 Re8 14. Bf4 Qb6 15. Rfe1 Bb5 16. a4 Bxd3 17. Qxd3 Rac8 18.
Bd2 e6 19. a5 Qc6 20. Ra3 Qc4 21. Qxc4 dxc4 22. Ra4 Bf8 23. f4 Red8 24. Re5 Bd6 25. Re2 Bf8 26. g3 Rd5 27. Re5 Rb5 28. Rxb5 axb5 29.
Ra1 Rc6 30. Kg2 Bd6 31. b4 cxb3 32. Rb1 Ra6 33. Rxb3 Rxa5 34. Kf3 Kf8 35. Ke2 Ke8 36. Rb2 Kd7 37. c4 Ra4 38. Rxb5 Rxc4 39. Rxb7+ Bc7 40. Kd3 Rc6 41. Ra7 Kc8 42. Ra8+ Bb8 43. Bb4 Kb7 44. Ra2 Ra6 45. Rb2 Kc6 46. Bc5 Bd6 47. Bxd6 Kxd6 48. Rb7 Ra3+ 49. Kc4 Ra2 50. h4 Rg2 51. Rxf7 h5 52. Ra7 Rxg3 53. Ra6+ Kd7 54.
d5 exd5+ 55. Kxd5 Rg4 56. Ke5 Ke7 57. Ra7+ Ke8 58. Ke6 Kf8 59. Rf7+ Kg8 60. Rf6 Kg7 61. Rf7+ Kh6 62. f5 gxf5 63. Rf6+ Kg7 64. Rxf5 Rxh4 65. Rg5+ Kh6 66. Rg8 Rg4 67. Rh8+ Kg5 68. Ke5 Rg3 69.
Rg8+ Kh4 70. Rh8 Re3+ 71. Kf4 Re1 72. Kf3 Rf1+ 73. Kg2 Rf5 74. Rh7 Rg5+ 75. Kh2 Rg4 76. Rf7 Re4 77. Rf2 Rg4 1/2-1/2

[Event "Late-Titled-Tuesday-Blitz-March-12-2024"]
[Site "Chess.com"]
[Date "2024.03.12"]
[Round "3"]
[White "imdvb6307"]
[Black "IMRosen"]
[Result "0-1"]
[WhiteElo "2499"]
[BlackElo "2694"]
[TimeControl "180+1"]
[EndTime "14:28:42 PDT"]
[Termination "IMRosen won by resignation"]

1. d4 d5 2. Nf3 Nf6 3. e3 c5 4. c3 cxd4 5. exd4 Nc6 6. Bf4 Bg4 7. Nbd2 e6 8. Bd3 Bd6 9. Bg3 Qc7 10. Qb3 O-O 11. O-O Rab8 12. a4 Bxg3 13. hxg3 a6 14. Qd1 b5 15. Ra2 Qd6 16. Qe2 bxa4 17. Bxa6 Rb6 18.
Bb5 Rfb8 19. Bxa4 Rxb2 20. Rfa1 h6 21. Rxb2 Rxb2 22. Nc4 Rxe2 23. Nxd6 Ne7 24. c4 dxc4 25. Nxc4 Bxf3 26. gxf3 Ned5 27. Ne5 Rd2 28. Bc6 g5 29. Bxd5 Nxd5 30. Ra7 f6 31. Nc6 Rc2 32. Ne7+ Nxe7 33. Rxe7 Rc6 34. Rd7 Rb6 35. Kg2 h5 36. d5 exd5 37.
Rxd5 Kf7 38. g4 h4 39. f4 Rb4 40. f3 Rxf4 41. Rd7+ Kg6 42. Re7 Ra4 43. Re2 Ra3 44.
Rf2 Kf7 45. Kh2 Ra4 46. Kh3 Rb4 47. Re2 Rc4 48. Kg2 Rc3 49. Re1 Rd3 50. Re2 Rd1 51. Kf2 Rd4 52. Kg2 Rd6 53. Kf2 Re6 54. Ra2 Rb6 55.
Ra7+ Ke6 56. Ra5 Rb2+ 57. Kg1 Rc2 58. Rb5 Rd2 59. Rc5 Kd6 60. Ra5 Rd5 61. Ra4 Rc5 62.
f4 Rc3 63. Kh2 Rg3 64. fxg5 fxg5 65. Rb4 Ke6 66. Re4+ Kf6 67. Ra4 Rf3 68. Ra6+ Ke5 69. Ra4 Re3 70. Rb4 Re4 71. Rb5+ Kf4 72. Kh3 Re3+ 73. Kh2 Kxg4 0-1

[Event "Late-Titled-Tuesday-Blitz-March-12-2024"]
[Site "Chess.com"]
[Date "2024.03.12"]
[Round "3"]
[White "tarno17"]
[Black "Defenstrator"]
[Result "1-0"]
[WhiteElo "2219"]
[BlackElo "2420"]
[TimeControl "180+1"]
[EndTime "14:28:42 PDT"]
[Termination "tarno17 won on time"]

1. e4 Nf6 2. e5 Ne4 3. d3 Nc5 4. d4 Ne6 5. d5 Nc5 6. Be3 e6 7. Bc4 b5 8. dxe6 fxe6 9. Bxb5 Bb7 10. Nf3 Nc6 11. O-O d5 12. exd6 Bxd6 13. Bxc5 Bxc5 14.
Qxd8+ Rxd8 15. Nc3 O-O 16. Ne4 Bb6 17. Bc4 Nb4 18.
Bxe6+ Kh8 19. Neg5 Bxf3 20. gxf3 Nxc2 21. Rac1 Nd4 22.
Nf7+ Rxf7 23. Bxf7 Ne2+ 24. Kg2 Nxc1 25. Rxc1 Rd2 26. Re1 g6 27. Re7 Kg7 28. Bc4+ Kf6 29. Rf7+ Ke5 30. Kg3 Bxf2+ 31. Kg4 Rd4+ 32. f4+ Kd6 33.
Bb3 Rd2 34. Rf6+ Kc5 35. Rf7 Kb6 36. Rf6+ Kb5 37. Rf7 Bb6 38. Rxh7 Rxb2 39. Kg5 Rg2+ 40. Kf6 Bd4+ 41. Kf7 Rf2 42. Ke6 Rxf4 43. Rxc7 Rh4 44. Rb7+ Kc5 45. Rc7+ Kb4 46. Rb7+ Kc3 47. Kd5 Rh5+ 48.
Ke4 Re5+ 49. Kf3 Re3+ 50. Kf4 Rh3 51. Rc7+ Kd2 52. Ke4 Bc3 53. Rd7+ Kc1 54. Rc7 Kb2 55. Rb7 Rh4+ 56. Kd3 Rh3+ 57. Ke4 Kc1 58. Rc7 Kd2 59. Rd7+ Ke2 60. Rc7 Rh4+ 61. Kd5 Bb4 62. Rc2+ Kd3 63. Rg2 Rh5+ 64. Kc6 g5 65. Rg3+ Ke4 66. Rg4+ Kf5 67.
Rxb4 Rxh2 68. Rb5+ Kf4 69. Kb7 g4 70. Rb4+ Kg3 71. Kxa7 Rh4 72. Be6 1-0

[Event "Late-Titled-Tuesday-Blitz-March-12-2024"]
[Site "Chess.com"]
[Date "2024.03.12"]
[Round "3"]
[White "YoreDea"]
[Black "Nick12772"]
[Result "1-0"]
[WhiteElo "2604"]
[BlackElo "2362"]
[TimeControl "180+1"]
[EndTime "14:28:43 PDT"]
[Termination "YoreDea won by checkmate"]

1. e4 e6 2. d3 d5 3. Nd2 Nc6 4. Ngf3 Nf6 5. g3 dxe4 6. dxe4 e5 7. Bg2 Bc5 8. O-O O-O 9. c3 a5 10. Qe2 Qe7 11. Nb3 Ba7 12. Bg5 h6 13. Bxf6 Qxf6 14.
h3 Be6 15. Kh2 Rad8 16. Rfd1 Rxd1 17. Rxd1 Rd8 18. Rxd8+ Qxd8 19. Nh4 Qf6 20. Nf5 a4 21. Nd2 Bxf5 22. exf5 Qxf5 23. Bxc6 bxc6 24. Ne4 Qd7 25.
Qc4 a3 26. bxa3 Qd5 27. Qe2 Qa5 28. Qg4 Kh7 29. Qf5+ Kg8 30. Qc8+ Kh7 31. Qd7 Kg8 32. Qxc6 Qxa3 33. Qe8+ Kh7 34. Qxe5 Qxa2 35. Qf5+ Kg8 36. h4 Bb6 37. h5 Qe6 38. Qxe6 fxe6 39. g4 Kf7 40. f4 Ke7 41. g5 hxg5 42. fxg5 Kf7 43.
g6+ Kg8 44. Kg3 Be3 45. Kf3 Bh6 46. Ke2 Kf8 47. Kd3 Ke7 48. Kc4 Kd7 49. Kd4 Bf4 50. Nc5+ Kd6 51. Ne4+ Kd7 52. Kc5 Be3+ 53. Kb5 Bf4 54.
c4 Be3 55. c5 Bf4 56. c6+ Ke7 57. Ka6 Bh6 58. Kb7 Bf4 59. Kc8 Bh6 60. Nc5 Bf4 61. Na6 Kd6 62. Nxc7 Kxc6 63. Nxe6 Bh6 64. Kd8 Kd6 65.
Nf8 Ke5 66. Ke8 Kf6 67. Nh7+ Kf5 68. Kf7 Kg4 69. Nf8 Kxh5 70. Ne6 Kg4 71. Nxg7 Kg5 72. Ne8 Kf5 73. Nf6 Kg5 74. Ng8 Kh5 75. Nxh6 Kxh6 76.
g7 Kh7 77. g8=Q+ Kh6 78. Qg6# 1-0

[Event "Late-Titled-Tuesday-Blitz-March-12-2024"]
[Site "Chess.com"]
[Date "2024.03.12"]
[Round "3"]
[White "Rogarcia1"]
[Black "jk13"]
[Result "0-1"]
[WhiteElo "2507"]
[BlackElo "2696"]
[TimeControl "180+1"]
[EndTime "14:28:55 PDT"]
[Termination "jk13 won on time"]

1. e4 e5 2. Nf3 Nc6 3. Bb5 a6 4. Ba4 Nf6 5. Nc3 b5 6. Bb3 Bc5 7.
Nd5 d6 8. d3 h6 9. c3 Rb8 10.
h3 Nxd5 11. Bxd5 Ne7 12. Bb3 Ng6 13. d4 Bb6 14. dxe5 Nxe5 15. Nxe5 dxe5 16. Qf3 Qe7 17. O-O O-O 18. Qg3 Kh8 19. Be3 c5 20. Bd5 c4 21.
Rad1 Bc5 22. Bxc5 Qxc5 23. Qxe5 Rb6 24. Qd4 Qc7 25. Rfe1 Rg6 26. Qe3 Be6 27. f4 Re8 28. Qf3 Bxd5 29. Rxd5 Rge6 30. Rd4 Qc5 31. Kh2 a5 32.
Red1 Qc6 33. Re1 b4 34. Kg3 bxc3 35. bxc3 Qb5 36. Qe2 Rc8 37. e5 f6 38. Qe4 fxe5 39.
fxe5 Rce8 40. Rd5 Qc6 41. Re3 Qc7 42. Rb5 a4 43. Rd5 a3 44. Kh2 Rc8 45. Rb5 Rce8 46. Qd4 Kg8 47. Rd5 Kh8 48. Rd7 Qb8 49. Qg4 R6e7 50.
Rxe7 Rxe7 51. Qd4 Qc7 52. Qd5 Rd7 53. Qe4 Re7 54. h4 Re6 55. Kh3 Qc8 56. Kg3 Qc7 57. Qf5 Qe7 58. Kh3 Kg8 59. Re4 Rc6 60. Qf3 Rc5 61. Qe3 Qe6+ 62. Kh2 Rd5 63. Qf4 Rd3 64. Rxc4 Rd8 65. Re4 Rf8 66. Qe3 Rf5 67. Qd4 Rh5 68. c4 Kh7 69. Qd5 Qg6 70. Qd3 Rxh4+ 71. Kg1 Rxe4 72. c5 Re1+ 73. Kf2 Qxd3 0-1

[Event "Late-Titled-Tuesday-Blitz-March-12-2024"]
[Site "Chess.com"]
[Date "2024.03.12"]
[Round "3"]
[White "matagordo"]
[Black "djano"]
[Result "0-1"]
[WhiteElo "2297"]
[BlackElo "2581"]
[TimeControl "180+1"]
[EndTime "14:28:57 PDT"]
[Termination "djano won on time"]

1. d4 Nf6 2. Bf4 d6 3. Nc3 g6 4. e4 c6 5. Qd2 b5 6. Bd3 b4 7.
Nce2 a5 8. Bh6 c5 9. Bxf8 Kxf8 10. Qh6+ Kg8 11. dxc5 dxc5 12. Nf3 Bb7 13. h4 Bxe4 14.
Bxe4 Nxe4 15. h5 Nc6 16. hxg6 fxg6 17. Rd1 Qf8 18. Qe3 Qf5 19. Ng3 Nxg3 20. fxg3 Rf8 21.
O-O Rf6 22. Ng5 Qe5 23. Ne4 Rxf1+ 24. Rxf1 Qd4 25. Qxd4 cxd4 26. Nc5 h6 27. Ne6 g5 28. g4 Kh7 29. Rf7+ Kg6 30. Rf5 a4 31. Nf8+ Kg7 32. Ne6+ Kg8 33. Rf8+ Kh7 34. Rf7+ Kg6 35. Rf5 Rb8 36.
Nf8+ Kg7 37. Ne6+ Kg8 38. Rc5 Rb6 39. Nc7 b3 40. cxb3 axb3 41. axb3 Nb4 42. Nd5 Nxd5 43. Rxd5 Rxb3 44. Rxd4 Rxb2 45. Rd8+ Kf7 46. Rh8 Kg7 47. Re8 Rb7 48. Kf2 Kf7 49. Rh8 Rb6 50. Kg3 Rf6 51.
Rd8 e5 52. Rh8 Ke7 53. Rh7+ Ke6 54. Rh8 e4 55. Re8+ Kd5 56. Rd8+ Ke5 57. Re8+ Re6 58. Rb8 Kd4 59. Kf2 Rf6+ 60. Ke2 Rf4 61. Rd8+ Ke5 62. Rh8 Rxg4 63. Rxh6 Rxg2+ 64. Kf1 Ra2 65. Rh8 Kf4 66. Rf8+ Ke3 67. Rb8 g4 68. Rg8 Kf3 69. Rf8+ Kg3 70. Re8 Rf2+ 71. Ke1 Rf4 72. Ke2 Kg2 73. Rg8 g3 74.
Rg7 Rf8 75. Rg6 Kh2 76. Rh6+ Kg1 77. Rg6 g2 78. Rh6 e3 79. Kxe3 Kf1 0-1

[Event "Late-Titled-Tuesday-Blitz-March-12-2024"]
[Site "Chess.com"]
[Date "2024.03.12"]
[Round "3"]
[White "Byniolus"]
[Black "Chempiblinka"]
[Result "1/2-1/2"]
[WhiteElo "2782"]
[BlackElo "2338"]
[TimeControl "180+1"]
[EndTime "14:29:03 PDT"]
[Termination "Game drawn - insufficient material"]

1. d4 Nf6 2. Nf3 g6 3. Bf4 Bg7 4. e3 O-O 5. Be2 d6 6. h3 Nbd7 7. O-O b6 8. c3 Bb7 9. a4 a5 10.
Bh2 Qe8 11. Na3 Ne4 12. Nb5 Rc8 13. Qb3 e5 14. Rfd1 h6 15. Rac1 Kh7 16. Na7 Ra8 17. Nb5 Rc8 18. Qa3 f5 19. b4 c6 20. Nxd6 Nxd6 21. bxa5 Ne4 22. axb6 g5 23. a5 Ra8 24.
Nxe5 Nxe5 25. Bxe5 Bxe5 26. dxe5 c5 27. f3 Ng3 28. Bc4 Ba6 29. Bxa6 Rxa6 30. Kf2 f4 31. Qxc5 Nf5 32. exf4 gxf4 33. b7 Ne3 34. Qc7+ Rf7 35.
Rd8 Rxc7 36. Rxe8 Rxb7 37. Re1 Rxa5 38. Re2 Rg7 39. g4 Rc7 40. Rd2 Rxc3 41. h4 Rc2 42. Rxc2 Nxc2 43. Rf8 Rxe5 44. Rxf4 Na3 45. Rb4 Nc2 46.
Rc4 Na3 47. Rc7+ Kg8 48. Rc6 Kg7 49. Kg3 Nb5 50. h5 Nd4 51. Rg6+ Kh7 52. Rd6 Ne6 53.
Rd7+ Ng7 54. f4 Re8 55. g5 hxg5 56. fxg5 Kg8 57. h6 Nf5+ 58. Kg4 Ne3+ 59. Kh5 Nc4 60. g6 Re5+ 61. Kh4 Re8 62. Rg7+ Kh8 63. Rh7+ Kg8 64. Rg7+ Kh8 65. Rf7 Re4+ 66. Kg5 Re8 67. Kf6 Ne3 68.
g7+ Kg8 69. Kg6 Re6+ 70. Rf6 Rxf6+ 71. Kxf6 Ng4+ 72. Kg6 Ne5+ 73. Kg5 Nf7+ 74. Kh5 Kh7 75. g8=Q+ Kxg8 76. Kg6 Kh8 77. h7 Ne5+ 78. Kh6 Nf7+ 79.
Kg6 Ne5+ 80. Kh6 Nf7+ 81. Kh5 Ne5 82. Kh4 Nf7 83. Kh3 Kxh7 1/2-1/2

[Event "Late-Titled-Tuesday-Blitz-March-12-2024"]
[Site "Chess.com"]
[Date "2024.03.12"]
[Round "3"]
[White "Lion-Al-Messi"]
[Black "mbojan"]
[Result "0-1"]
[WhiteElo "2589"]
[BlackElo "2884"]
[TimeControl "180+1"]
[EndTime "14:29:05 PDT"]
[Termination "mbojan won by checkmate"]

1. e4 a6 2. Nf3 e6 3. d4 d5 4. e5 c5 5. c3 Bd7 6. Bd3 cxd4 7.
cxd4 Bb5 8. Bxb5+ axb5 9. O-O Nc6 10. Qe2 Qb6 11. Bg5 h6 12. Be3 Nge7 13. Nh4 g5 14.
Nf3 Nf5 15. h3 Be7 16. Nbd2 Rg8 17. g4 Nxe3 18. fxe3 Rh8 19. Ne1 Rc8 20. Nd3 Nb4 21. Nxb4 Bxb4 22. Nb3 Be7 23. Rac1 Rxc1 24. Rxc1 Kd7 25.
Nc5+ Bxc5 26. Rxc5 Rc8 27. Qxb5+ Qxb5 28. Rxb5 Rc1+ 29.
Kf2 Kc6 30. Rb3 Rc2+ 31. Kf3 Rh2 32. Kg3 Re2 33. h4 Rd2 34. h5 Rd1 35. Rc3+ Kd7 36.
Rb3 Kc6 37. Rc3+ Kd7 38. a3 Rg1+ 39. Kf3 Rf1+ 40. Kg2 Rb1 41. b4 Ra1 42. b5 b6 43.
Kg3 Rg1+ 44. Kf3 Rf1+ 45. Kg2 Ra1 46. Kf2 Ra2+ 47. Kf3 Ra1 48. Rc6 Rxa3 49. Rxb6 Rb3 50. Rb7+ Ke8 51. b6 Kf8 52. Ke2 Rb2+ 53. Kd3 Rb5 54.
Kc3 Kg7 55. Rb8 Kh7 56. Kd3 Kg7 57. b7 Kh7 58. e4 dxe4+ 59. Kxe4 Rb3 60. d5 Rb4+ 61.
Kd3 exd5 62. Kc3 Rb5 63. Kd4 Kg7 64. Kd3 Rb4 65. Kc3 Rb6 66. Kd4 Rb5 67. Ke3 Rb4 68. Kf3 Rb3+ 69. Ke2 d4 70. Kd2 Kh7 71. Kc2 Rb4 72. Kd3 Kg7 73. Ke4 Kh7 74. Kf5 Kg7 75. Rd8 Rxb7 76. Rxd4 Rb1 77. Ke4 Re1+ 78. Kd5 Re2 79.
Re4 Rf2 80. e6 Rd2+ 81. Ke5 f6+ 82. Kf5 Rd5+ 83. Re5 Rxe5# 0-1